[Event "Team 45 45 League T45"]
[Site "Internet Chess Club"]
[Date "2010.05.21"]
[Round "3"]
[White "AtomicDog"]
[Black "Aquaman"]
[Result "1-0"]
[WhiteElo "1582"]
[BlackElo "1208"]
[Opening "Philidor: Hanham variation"]
[ECO "C41"]
[Time "10:30:26"]
[TimeControl "2700+45"]

1. e4 e5 2. Nf3 d6 3. d4 Nd7 4. Bc4 Be7 5. Nc3 c6 6. O-O Ngf6 7. dxe5 dxe5 8.
Be3 O-O 9. a3 Qc7 10. b4 b5 11. Bb3 Bb7 12. Qe2 a6 13. Rfd1 c5 14. Nd5 Nxd5 15.
Bxd5 Rab8 16. c3 c4 17. Bg5 Nf6 18. Bxf6 Bxf6 19. Rd2 Bc8 20. h3 Qe7 21. Nh2 g6
22. Ng4 Bxg4 23. Qxg4 Rbd8 24. Rda2 Rb8 25. a4 Bg7 26. axb5 axb5 27. Ra7 Qd8 28.
Rd7 Qf6 29. Raa7 h5 30. Qf3 Qxf3 31. gxf3 Bh6 32. Bxf7+ Rxf7 33. Rxf7 Rd8 34.
Rfd7 Re8 35. Rh7 Bf4 36. Rae7 Ra8 37. Ra7 Rb8 38. Rhg7+ Kf8 39. Rxg6 h4 40. Rh7
Re8 41. Rxh4 Kf7 42. Rb6 Rd8 43. Rxb5 Rd3 44. Rxf4+ exf4 45. Rf5+ Ke6 46. Rxf4
Rxc3 47. Rf8 Rb3 48. Rc8 c3 49. Kg2 Ke5 50. b5 Kd4 51. b6 Rxb6 52. Rd8+ Kc4 53.
Rd1 Kb3 54. Rb1+ Kc2 55. Rxb6 Kd2 56. Rc6 c2 57. Rxc2+ {Black resigns} 1-0

[Event "Team 45 45 League T45"]
[Site "Internet Chess Club"]
[Date "2010.05.25"]
[Round "3"]
[White "radiohead"]
[Black "BishopMike"]
[Result "0-1"]
[WhiteElo "1354"]
[BlackElo "1454"]
[Opening "QGD: Marshall defense"]
[ECO "A50"]
[Time "22:00:33"]
[TimeControl "2700+45"]

1. d4 Nf6 2. c4 d5 3. cxd5 Nxd5 4. Nf3 Nc6 5. e4 Nf6 6. Nc3 Bg4 7. d5 Ne5 8. Be2
Nxf3+ 9. Bxf3 h5 10. h3 Bxf3 11. Qxf3 e5 12. dxe6 fxe6 13. Bg5 e5 14. Rd1 Bd6
15. Nd5 Qd7 16. Nxf6+ gxf6 17. Qxf6 Bb4+ 18. Bd2 Rf8 19. Qxe5+ Be7 20. Bb4 Qxd1+
21. Kxd1 O-O-O+ 22. Ke2 Bxb4 23. Rc1 Rd2+ 24. Ke3 Rd7 25. Qxh5 Bd2+ 26. Ke2 Bxc1
27. Qc5 Rd2+ 28. Ke1 Rfxf2 29. Qxf2 Rxf2 30. Kxf2 Bxb2 31. Kf3 Kd7 32. g4 Ke6
33. h4 c5 34. g5 c4 35. Ke2 b5 36. g6 Kf6 37. h5 Kg5 38. Kd2 Kxh5 39. Ke3 Kxg6
40. Kf4 Kf6 {White resigns} 0-1

[Event "Team 45 45 League T45"]
[Site "Internet Chess Club"]
[Date "2010.05.21"]
[Round "3"]
[White "Montello"]
[Black "oldprez"]
[Result "0-1"]
[WhiteElo "1558"]
[BlackElo "1411"]
[Opening "King's Indian, 3.Nf3"]
[ECO "E67"]
[Time "21:00:27"]
[TimeControl "2700+45"]

1. d4 Nf6 2. c4 g6 3. Nf3 Bg7 4. g3 O-O 5. Bg2 d6 6. O-O Nbd7 7. Nc3 a6 8. Re1
Rb8 9. b3 c5 10. Bb2 cxd4 11. Nxd4 Nc5 12. e4 Bd7 13. h3 Qc8 14. Kh2 b5 15. cxb5
axb5 16. Rc1 b4 17. Nd5 Nxd5 18. exd5 Qa6 19. Rxe7 Qxa2 20. Ra1 Qxb2 21. Nc6
{White resigns} 0-1

[Event "Team 45 45 League T45"]
[Site "Internet Chess Club"]
[Date "2010.05.22"]
[Round "3"]
[White "Muravey"]
[Black "katabatico"]
[Result "1-0"]
[WhiteElo "1282"]
[BlackElo "1361"]
[Opening "Scotch game"]
[ECO "C45"]
[Time "14:30:29"]
[TimeControl "2700+45"]

1. e4 e5 2. Nf3 Nc6 3. d4 exd4 4. Nxd4 Bc5 5. Be3 Qf6 6. c3 Nge7 7. Be2 O-O 8.
O-O d6 9. a4 a6 10. b4 Ba7 11. b5 axb5 12. axb5 Ne5 13. Nf3 b6 14. Bg5 Nxf3+ 15.
Bxf3 Qxg5 16. e5 d5 17. c4 Be6 18. cxd5 Nxd5 19. Bxd5 Rad8 20. Rxa7 Rxd5 21. Qa4
Bh3 22. Qe4 Rxe5 23. Qc6 Rxb5 24. Kh1 Rc5 25. Qb7 Be6 26. Ra8 Bd5 27. Rxf8+ Kxf8
28. Qc8+ Ke7 29. Re1+ Be6 30. Qa6 Ra5 31. Qe2 Kf8 32. Nc3 Bd7 33. Rd1 Bc6 34. f3
Ra3 35. Qc4 Qc5 36. Qe2 g6 37. Nb1 Ra1 38. h3 Qb4 39. Rd8+ Kg7 40. Qe5+ Kh6 41.
Qxa1 Qe1+ 42. Kh2 Qh4 43. Rd4 Qf6 44. Na3 Qe5+ 45. Kh1 Qg3 46. Qc1+ Kg7 47. Qc3
Kh6 48. Rg4 Qf2 49. Qc1+ Kg7 50. Qxc6 Qe1+ 51. Kh2 Qe5+ 52. Rg3 Qd6 53. Qxd6
cxd6 54. Nc4 b5 55. Nxd6 b4 56. Nc4 b3 57. f4 {Black resigns} 1-0

[Event "Team 45 45 League T45"]
[Site "Internet Chess Club"]
[Date "2010.05.20"]
[Round "3"]
[White "UsuallySleepy"]
[Black "SeniorCitizen"]
[Result "1-0"]
[WhiteElo "1420"]
[BlackElo "1263"]
[Opening "Sicilian defense"]
[ECO "B32"]
[Time "07:02:48"]
[TimeControl "2700+45"]

1. e4 c5 2. Nf3 Nc6 3. d4 cxd4 4. Nxd4 d6 5. Bb5 Bd7 6. Nc3 a6 7. Bc4 e6 8. Be3
Be7 9. O-O Bf6 10. Nxc6 Bxc6 11. Qd2 Be5 12. f3 Nf6 13. Rad1 d5 14. exd5 Bxd5
15. Bxd5 Nxd5 16. Nxd5 Qxd5 17. Qxd5 exd5 18. Rxd5 Bxb2 19. Rb1 Bf6 20. Bc5
{Black resigns} 1-0

[Event "Team 45 45 League T45"]
[Site "Internet Chess Club"]
[Date "2010.05.22"]
[Round "3"]
[White "ElmerHo"]
[Black "juniorVishy"]
[Result "1/2-1/2"]
[WhiteElo "1517"]
[BlackElo "1469"]
[Opening "Sicilian: accelerated fianchetto, Maróczy bind, 6.Be3"]
[ECO "B38"]
[Time "19:01:15"]
[TimeControl "2700+45"]

1. e4 c5 2. Nf3 Nc6 3. d4 cxd4 4. Nxd4 g6 5. c4 Bg7 6. Be3 d6 7. Nc3 Nf6 8. Be2
O-O 9. O-O Bd7 10. Qd2 Ng4 11. Bxg4 Bxg4 12. f3 Bd7 13. Rfd1 Ne5 14. b3 Qa5 15.
Rac1 Rfd8 16. Nd5 Qxd2 17. Rxd2 Kf8 18. Nf4 Bh6 19. Nfe6+ fxe6 20. Bxh6+ Kg8 21.
Ne2 Nf7 22. Be3 Rdc8 23. Rcd1 b6 24. h3 Rc7 25. Kf2 Rac8 26. f4 Bc6 {Game drawn
by mutual agreement} 1/2-1/2

[Event "Team 45 45 League T45"]
[Site "Internet Chess Club"]
[Date "2010.05.22"]
[Round "3"]
[White "ryan2chess"]
[Black "g8wrb"]
[Result "1-0"]
[WhiteElo "1555"]
[BlackElo "1489"]
[Opening "French: Tarrasch, closed variation, main line"]
[ECO "C06"]
[Time "09:30:22"]
[TimeControl "2700+45"]

1. e4 e6 2. d4 d5 3. Nd2 Nf6 4. e5 Nfd7 5. Bd3 c5 6. c3 Nc6 7. Ne2 cxd4 8. cxd4
f6 9. exf6 Nxf6 10. O-O Bd6 11. Nf3 O-O 12. Qc2 h6 13. Nf4 e5 14. dxe5 Nxe5 15.
Nxe5 Bxe5 16. Rd1 Bg4 17. Re1 Rc8 18. Qb3 Bxf4 19. Bxf4 Qd7 20. Bb5 Qf7 21. Bd6
Rfd8 22. Re7 Rxd6 23. Rxf7 Kxf7 24. f3 Be6 25. Qa3 Rb6 26. Bd3 a6 27. Re1 Bd7
28. Qe7+ Kg8 29. Qe2 Re8 30. Qf2 Rxe1+ 31. Qxe1 Rxb2 32. Qe5 Rxa2 33. Qb8+ Ne8
34. Qxb7 Be6 35. Bxa6 d4 36. Qc6 Kf7 37. Bc4 Ra1+ 38. Kf2 Bxc4 39. Qxc4+ Kg6 40.
Qxd4 Nf6 41. Qxa1 {Black resigns} 1-0

[Event "Team 45 45 League T45"]
[Site "Internet Chess Club"]
[Date "2010.05.21"]
[Round "3"]
[White "Zohan"]
[Black "rook9999"]
[Result "1-0"]
[WhiteElo "1559"]
[BlackElo "1575"]
[Opening "Sicilian: closed"]
[ECO "B24"]
[Time "19:00:11"]
[TimeControl "2700+45"]

1. e4 c5 2. Nc3 Nc6 3. g3 d6 4. Bg2 Nf6 5. f4 Bg4 6. Nf3 a6 7. O-O e6 8. b3 Be7
9. Bb2 Qd7 10. h3 Bh5 11. g4 Bg6 12. f5 exf5 13. exf5 Bxf5 14. gxf5 Qxf5 15. Nd4
Qd7 16. Nf5 O-O 17. Nd5 Nxd5 18. Qg4 g6 19. Nh6# {Black checkmated} 1-0

[Event "Team 45 45 League T45"]
[Site "Internet Chess Club"]
[Date "2010.05.22"]
[Round "3"]
[White "mmf00"]
[Black "JimGaming"]
[Result "1-0"]
[WhiteElo "1577"]
[BlackElo "1299"]
[Opening "Sicilian defense"]
[ECO "B20"]
[Time "15:00:32"]
[TimeControl "2700+45"]

1. e4 c5 2. Bc4 g6 3. Nc3 Bg7 4. f4 d6 5. Nf3 Nf6 6. d3 O-O 7. O-O Nc6 8. a3 Na5
9. Ba2 a6 10. Nh4 b5 11. f5 e6 12. Qe1 Nc6 13. fxg6 hxg6 14. Bg5 Ne5 15. h3 Ned7
16. Nxg6 fxg6 17. Bxe6+ Rf7 18. Nd5 Kf8 19. Bxf7 Kxf7 20. Qh4 Qh8 21. Qf4 Bb7
22. Qxd6 Bxd5 23. Qxd7+ Kg8 24. Bxf6 Bf7 25. Bxg7 Qxg7 26. e5 Rf8 27. e6 Qd4+
28. Qxd4 cxd4 29. exf7+ Kg7 30. Rae1 Rxf7 31. Rxf7+ Kxf7 32. Kf2 {Black resigns}
1-0

[Event "Team 45 45 League T45"]
[Site "Internet Chess Club"]
[Date "2010.05.24"]
[Round "3"]
[White "alaskauk"]
[Black "tryanything"]
[Result "1/2-1/2"]
[WhiteElo "1540"]
[BlackElo "1551"]
[Opening "Four knights: Italian variation"]
[ECO "C55"]
[Time "04:31:13"]
[TimeControl "2700+45"]

1. e4 e5 2. Nf3 Nc6 3. Bc4 Nf6 4. Nc3 Nxe4 5. Nxe4 d5 6. Bd3 dxe4 7. Bxe4 Bd6 8.
Bxc6+ bxc6 9. Qe2 O-O 10. d3 Re8 11. O-O Ba6 12. Qe4 f6 13. Re1 Bb7 14. Bd2 Rb8
15. Qa4 a6 16. Rab1 c5 17. Qc4+ Kh8 18. Qg4 Qe7 19. Nh4 Qf7 20. Nf5 Qd7 21. h3
Bc8 22. Nxd6 cxd6 23. Qxd7 Bxd7 24. b3 Rb7 25. Re2 g5 26. f3 Kg7 27. Rbe1 Kf7
28. Kf2 h5 29. Kg3 h4+ 30. Kf2 Re6 {Game drawn by mutual agreement} 1/2-1/2

[Event "Team 45 45 League T45"]
[Site "Internet Chess Club"]
[Date "2010.05.24"]
[Round "3"]
[White "cobbler"]
[Black "ars-felidae"]
[Result "1-0"]
[WhiteElo "1125"]
[BlackElo "1315"]
[Opening "Sicilian: Grand Prix attack"]
[ECO "B21"]
[Time "14:04:14"]
[TimeControl "2700+45"]

1. e4 c5 2. f4 Nc6 3. Nf3 d6 4. Bc4 Nf6 5. d3 Be6 6. Nbd2 g6 7. Bxe6 fxe6 8. O-O
Bg7 9. c3 O-O 10. Qb3 d5 11. e5 Na5 12. Qd1 Ng4 13. Nb3 Ne3 14. Bxe3 {Black
resigns} 1-0

[Event "Team 45 45 League T45"]
[Site "Internet Chess Club"]
[Date "2010.05.23"]
[Round "3"]
[White "anatolybcn"]
[Black "dpmdpm"]
[Result "0-1"]
[WhiteElo "1216"]
[BlackElo "1444"]
[Opening "Sicilian defense"]
[ECO "B20"]
[Time "17:00:14"]
[TimeControl "2700+45"]

1. e4 c5 2. Bc4 d6 3. Nf3 e6 4. Bb5+ Bd7 5. a4 a6 6. Bxd7+ Qxd7 7. d3 Nf6 8. Bg5
Be7 9. Bxf6 Bxf6 10. c3 Nc6 11. O-O O-O 12. Nbd2 Qc7 13. Nc4 Rad8 14. Re1 Rfe8
15. d4 cxd4 16. cxd4 Rc8 17. Rc1 b5 18. e5 Be7 19. exd6 Bxd6 20. Nce5 Qb7 21. d5
Nxe5 22. Nxe5 Rxc1 23. Qxc1 Qxd5 24. Qc6 Qxc6 25. Nxc6 bxa4 26. Nd4 Rb8 27. Re2
h6 28. g3 Bc5 29. Nc6 Rb6 30. Na5 Rb5 31. Nc4 Rb4 32. Rc2 f6 33. Na3 Be7 34. Kg2
f5 35. Re2 Kf7 36. Rc2 Bf6 37. Rc4 Rxc4 38. Nxc4 e5 39. Nb6 e4 40. Nxa4 Bd4 41.
Kf1 Ke6 42. b4 Kd5 {White resigns} 0-1

[Event "Team 45 45 League T45"]
[Site "Internet Chess Club"]
[Date "2010.05.21"]
[Round "3"]
[White "seattleblues"]
[Black "guyd52"]
[Result "1-0"]
[WhiteElo "1255"]
[BlackElo "1287"]
[Opening "Pirc: Holmov system"]
[ECO "B07"]
[Time "05:45:06"]
[TimeControl "2700+45"]

1. e4 d6 2. d4 Nf6 3. Nc3 g6 4. Bc4 Bg7 5. Nf3 O-O 6. Be3 b6 7. Qd2 Ba6 8. Bb3
Nbd7 9. Bh6 e6 10. Bxg7 Kxg7 11. O-O-O h6 12. h4 Qe7 13. Nh2 c5 14. a3 Rac8 15.
g4 Bb7 16. d5 Rh8 17. g5 Nh5 18. Ng4 hxg5 19. Qxg5 Qxg5+ 20. hxg5 e5 21. Nb5 Ba6
22. Nxd6 Be2 23. Rde1 Bxg4 24. Nxc8 Rxc8 25. c4 Nf4 26. Bc2 Nh3 27. f3 Nxg5 28.
fxg4 Nf3 29. Ref1 Nd4 30. g5 Ne2+ 31. Kd2 Ng3 32. Bd1 Nxe4+ 33. Ke3 Ng3 34. Bg4
Nxf1+ 35. Rxf1 Rd8 36. Bxd7 Rxd7 37. Ke4 Kf8 38. Rd1 Ke7 39. Kxe5 Rd6 40. Rf1 a5
41. Rxf7+ Kxf7 42. Kxd6 Ke8 43. Kc6 a4 44. Kxb6 Kd7 45. Kxc5 Kc7 46. Kb5 Kd6 47.
Kxa4 Kc5 48. b3 Kb6 49. d6 Kc6 50. c5 Kxc5 51. d7 Kd4 52. d8=Q+ Kc3 53. Qg8 Kb2
54. Qxg6 Kc3 55. Qh7 Kd4 56. g6 Ke3 57. g7 Kd4 58. g8=Q Kc5 59. Qg5+ Kb6 60.
Qhh6+ Kc7 61. Qgg7+ Kd8 62. Qhh8# {Black checkmated} 1-0

[Event "Team 45 45 League T45"]
[Site "Internet Chess Club"]
[Date "2010.05.21"]
[Round "3"]
[White "wekabird"]
[Black "jocooper"]
[Result "1-0"]
[WhiteElo "1167"]
[BlackElo "1089"]
[Opening "English opening"]
[ECO "A16"]
[Time "21:00:17"]
[TimeControl "2700+45"]

1. c4 Nf6 2. Nc3 g6 3. Nf3 Bg7 4. g3 O-O 5. Bg2 d6 6. h3 e5 7. e4 c6 8. O-O Nbd7
9. d3 Rb8 10. Rb1 a6 11. a4 Nc5 12. b4 Ne6 13. Be3 b5 14. axb5 axb5 15. cxb5
cxb5 16. Bg5 Nxg5 17. Nxg5 h6 18. Nf3 Be6 19. Qe2 Qb6 20. Rfd1 Rbc8 21. Qd2 Rfd8
22. d4 exd4 23. Nxd4 Ba2 24. Nxa2 Ne8 25. Nc1 Rc4 26. Nce2 Nc7 27. Rbc1 Ne6 28.
Rxc4 bxc4 29. Nxe6 fxe6 30. Nf4 Kf7 31. Ne2 e5 32. Qd5+ Ke7 33. Qxc4 Rf8 34. Rf1
h5 35. Nc3 Kd8 36. Nd5 Qa7 37. b5 Kd7 38. b6 Qb7 39. Qb5+ Ke6 40. Nc7+ Ke7 41.
Nd5+ Ke6 42. Qc4 Rc8 43. Qb3 Kd7 44. Bf3 Bh6 45. Be2 Bd2 46. Nc7 Qxe4 47. Qe6+
Kc6 48. Qxc8 Qxe2 49. b7 {Black resigns} 1-0

[Event "Team 45 45 League T45"]
[Site "Internet Chess Club"]
[Date "2010.05.23"]
[Round "3"]
[White "BosqueVerde"]
[Black "hcarstens"]
[Result "0-1"]
[WhiteElo "1202"]
[BlackElo "1264"]
[Opening "Nimzo-Indian: classical, Noa variation"]
[ECO "E34"]
[Time "11:02:20"]
[TimeControl "2700+45"]

1. d4 e6 2. c4 Nf6 3. Nc3 Bb4 4. Qc2 d5 5. Bg5 c5 6. e3 Nc6 7. Nf3 cxd4 8. exd4
Qb6 9. c5 Qc7 10. Bd3 Ne7 11. O-O Nc6 12. h3 b6 13. Nb5 Qd7 14. Nd6+ Kd8 15. a3
bxc5 16. dxc5 Ba5 17. b4 Bc7 18. Bf4 Ne8 19. Bg5+ f6 20. Bh4 Nxd6 21. cxd6 Bxd6
22. Bb5 Bb7 23. Nd4 Nxd4 24. Bxd7 Nxc2 25. Rac1 Kxd7 26. Rxc2 Rac8 27. Rb2 Rc4
28. Rfb1 Rxh4 29. a4 Bxb4 30. Rxb4 Rxb4 31. Rxb4 Bc6 32. a5 e5 33. a6 f5 34. Kf1
Kc7 35. Ke2 Rb8 36. Rh4 Bb5+ 37. Kd2 h6 38. g4 fxg4 39. hxg4 Bxa6 40. Rh5 Kd6
41. Ke3 Rb3+ 42. Kd2 Bc8 43. g5 hxg5 44. Rxg5 Rb7 45. Kc3 a5 46. f3 a4 47. Rg6+
Be6 48. Rg1 d4+ 49. Kd3 a3 50. Ra1 a2 51. Ke4 Rb1 52. Rxa2 Bxa2 {White resigns}
0-1

[Event "Team 45 45 League T45"]
[Site "Internet Chess Club"]
[Date "2010.05.22"]
[Round "3"]
[White "WilmaP"]
[Black "WannaB"]
[Result "0-1"]
[WhiteElo "1143"]
[BlackElo "1042"]
[Opening "Sicilian: Hungarian variation"]
[ECO "B27"]
[Time "16:00:29"]
[TimeControl "2700+45"]

1. e4 c5 2. Nf3 g6 3. d4 d6 4. c3 cxd4 5. cxd4 Bg7 6. Bc4 e6 7. O-O Nc6 8. Re1
Nge7 9. d5 exd5 10. exd5 Ne5 11. Nbd2 Nxc4 12. Nxc4 O-O 13. Rb1 a5 14. Ne3 b6
15. b3 Nf5 16. Bb2 f6 17. a3 Nxe3 18. Rxe3 Bf5 19. Rc1 Re8 20. Rxe8+ Qxe8 21. h3
b5 22. b4 axb4 23. axb4 Ra4 24. Bc3 Ra3 25. Nd4 Bd7 26. Nf3 Qe7 27. Qd2 Ra8 28.
Re1 Qf7 29. Qd3 Re8 30. Rxe8+ Bxe8 31. h4 Bd7 32. Nd4 f5 33. Nf3 Bxc3 34. Qxc3
Qxd5 35. Qc7 Qe6 36. Ng5 Qe7 37. Qb8+ Kg7 38. f4 h6 39. Nf3 Bc6 40. Nd4 Bd7 41.
Qb7 Qe3+ 42. Kh2 Qxf4+ 43. Kg1 Qxd4+ 44. Kh2 Qxh4+ 45. Kg1 Qe7 46. Qb6 f4 47.
Qd4+ Qf6 48. Qa7 Qf5 49. Kf2 Qc5+ {White resigns} 0-1

[Event "Team 45 45 League T45"]
[Site "Internet Chess Club"]
[Date "2010.05.24"]
[Round "3"]
[White "cru"]
[Black "supraholic"]
[Result "1-0"]
[WhiteElo "1248"]
[BlackElo "1230"]
[Opening "Giuoco Pianissimo: Italian four knights variation"]
[ECO "C46"]
[Time "19:01:26"]
[TimeControl "2700+45"]

1. e4 e5 2. Nf3 Nc6 3. Nc3 Bc5 4. Bc4 Nf6 5. d3 O-O 6. O-O h6 7. Nh4 d6 8. Qf3
Bg4 9. Qg3 Nd4 10. h3 Bh5 11. Bxh6 Ne6 12. Bxe6 Ne8 13. Bd5 Kh7 14. Bg5 f6 15.
Bd2 g5 16. Nf5 Ng7 17. Nxg7 Kxg7 18. Be6 Rh8 19. h4 Qe8 20. Bf5 Bg6 21. hxg5
Bxf5 22. gxf6+ Kxf6 23. exf5 Qh5 24. Qg6+ Qxg6 25. fxg6 Kxg6 26. g3 Rh3 27. Kg2
Rah8 28. Rh1 Rxh1 29. Rxh1 Rxh1 30. Kxh1 Bxf2 31. Kg2 Bd4 32. b3 c6 33. Ne4 d5
34. Nf2 b5 35. Nh3 e4 36. dxe4 dxe4 37. Nf4+ Kf5 38. Ne2 e3 39. Nxd4+ Ke4 40.
Bxe3 Kxe3 41. Nxc6 a6 42. Kh3 Ke4 43. Kh4 Kf5 44. Kh5 Kf6 45. g4 Kg7 46. Kg5 Kg8
47. Kf6 Kh7 48. g5 Kg8 49. g6 Kh8 50. Kf7 b4 51. g7+ Kh7 52. g8=Q+ Kh6 53. Qg6#
{Black checkmated} 1-0

[Event "Team 45 45 League T45"]
[Site "Internet Chess Club"]
[Date "2010.05.24"]
[Round "3"]
[White "otib2006"]
[Black "dabodhi"]
[Result "0-1"]
[WhiteElo "1158"]
[BlackElo "1213"]
[Opening "Queen's pawn game"]
[ECO "D02"]
[Time "18:00:16"]
[TimeControl "2700+45"]

1. d4 d5 2. Nf3 Bf5 3. e3 Nf6 4. Bd3 Bg6 5. O-O e6 6. Ne5 Nbd7 7. Nxg6 hxg6 8.
c4 c5 9. b3 Bd6 10. g3 Ne4 11. Bxe4 dxe4 12. Nc3 f5 13. Nb5 Nf6 14. dxc5 Be5 15.
Qxd8+ Rxd8 16. Rb1 Ng4 17. Bb2 Nxh2 18. Bxe5 Nf3+ 19. Kg2 Rh2# {White
checkmated} 0-1

[Event "Team 45 45 League T45"]
[Site "Internet Chess Club"]
[Date "2010.05.21"]
[Round "3"]
[White "Hieroglyph"]
[Black "dpmdpm"]
[Result "0-1"]
[WhiteElo "1122"]
[BlackElo "1413"]
[Opening "Réti: old Indian attack"]
[ECO "A06"]
[Time "08:15:56"]
[TimeControl "2700+45"]

1. Nf3 d5 2. d3 Nc6 3. g3 e5 4. Bg2 Nf6 5. O-O Be6 6. Nbd2 Bd6 7. Re1 O-O 8. e4
dxe4 9. dxe4 Re8 10. b3 Bg4 11. c3 Qd7 12. Qc2 Rad8 13. Bb2 Bc5 14. Rad1 Bh3 15.
Nh4 Bxg2 16. Nxg2 Qh3 17. Re2 Ng4 18. Nf3 Rxd1+ 19. Qxd1 Rd8 20. Qc2 Qh5 21. h4
Nf6 22. Bc1 Qxf3 23. Be3 Bxe3 24. Rxe3 Qd1+ 25. Qxd1 Rxd1+ 26. Re1 Rxe1+ 27.
Nxe1 Nxe4 28. c4 Nd4 29. Kf1 f5 30. Nd3 Nc6 31. Ke2 Kf7 32. Kf1 Kf6 33. Ke2 Nc3+
34. Ke3 Nxa2 35. f4 exf4+ 36. Nxf4 Ne7 37. Kd3 c6 38. Kc2 Nb4+ 39. Kc3 a5 40.
Kb2 Ng6 41. Nh5+ Kf7 42. Ka3 Ne5 43. Nf4 b5 44. c5 Nd7 45. Kb2 Nxc5 46. Kc3 Nd5+
47. Kd4 Nxf4 48. Kxc5 Ne2 49. Kxc6 a4 {White resigns} 0-1

[Event "Team 45 45 League T45"]
[Site "Internet Chess Club"]
[Date "2010.05.22"]
[Round "3"]
[White "Toalla"]
[Black "cazj"]
[Result "0-1"]
[WhiteElo "1144"]
[BlackElo "1357"]
[Opening "Ruy Lopez: classical defense, 4.c3"]
[ECO "C64"]
[Time "12:05:59"]
[TimeControl "2700+45"]

1. e4 e5 2. Nf3 Nc6 3. Bb5 Bc5 4. c3 Nf6 5. d4 Bb6 6. O-O d6 7. h3 O-O 8. Re1
Bd7 9. d5 Nd4 10. Nxd4 exd4 11. Bxd7 Qxd7 12. cxd4 Rfe8 13. f3 Qe7 14. Nc3 Rac8
15. Be3 Nh5 16. Rc1 Ba5 17. Qd3 Qf6 18. Rc2 Nf4 19. Bxf4 Qxf4 20. Qe3 Qg3 21.
Qf2 Qg6 22. Ree2 c5 23. dxc6 Rxc6 24. Nd5 Qg5 25. Qe3 Qg3 26. Qf4 Be1 27. Qxg3
Bxg3 28. Ne3 Rec8 29. Rxc6 Rxc6 30. Rc2 Bf4 31. Rxc6 Bxe3+ 32. Kf1 bxc6 33. d5
c5 34. Ke2 Bd4 35. b3 a5 36. a4 g6 37. g4 Kg7 38. Kd3 Kf6 39. Kc4 Ke5 40. Kb5
Bc3 41. Kc4 Be1 42. Kb5 Kf4 43. Kc6 Kxf3 44. Kxd6 Bb4 45. Kc6 c4 46. bxc4 Kxe4
47. d6 Kd4 48. d7 Be7 49. Kb5 Bd8 50. c5 Kd5 51. Ka6 Kc6 52. Ka7 Kxd7 53. Kb7 f5
54. c6+ Kd6 {White resigns} 0-1

[Event "Team 45 45 League T45"]
[Site "Internet Chess Club"]
[Date "2010.05.19"]
[Round "3"]
[White "baseball613"]
[Black "Newcastler"]
[Result "1-0"]
[WhiteElo "1256"]
[BlackElo "1297"]
[Opening "Queen's pawn game"]
[ECO "A46"]
[Time "20:00:40"]
[TimeControl "2700+45"]

1. d4 Nf6 2. Nf3 e6 3. Bf4 c5 4. e3 Nc6 5. c3 cxd4 6. exd4 b6 7. Bd3 Bb7 8. Nbd2
Be7 9. h3 d5 10. Qa4 O-O 11. Ne5 Bd6 12. Ndf3 Qc8 13. O-O a6 14. Bh2 b5 15. Qd1
Nd7 16. Nxc6 Bxh2+ 17. Kxh2 Bxc6 18. Re1 Re8 19. Qc2 Nf6 20. Ne5 Bb7 21. Re3 Ne4
22. f3 f6 23. Ng4 Qc7+ 24. Kg1 Rac8 25. fxe4 dxe4 26. Bxe4 Bxe4 27. Rxe4 f5 28.
Re3 fxg4 29. hxg4 Qf4 30. Re4 Qd6 31. Rae1 a5 32. Qb3 Qd7 33. Rxe6 Rxe6 34.
Qxe6+ Qxe6 35. Rxe6 Kf7 36. Rb6 b4 37. cxb4 Rc2 38. bxa5 Rc1+ 39. Kh2 Ra1 40.
Rb7+ Kf6 41. b4 Rxa2 42. Rb6+ Kf7 43. a6 Rd2 44. a7 Ra2 45. Rb7+ Kf6 46. b5 Ke6
47. b6 Kd6 48. Rb8 Kc6 49. a8=Q+ Rxa8 50. Rxa8 Kxb6 51. Rd8 Kc7 52. Rg8 g6 53.
Rg7+ Kd6 54. Rxh7 g5 55. Rg7 Kd5 56. Rxg5+ Kxd4 57. Rf5 Ke4 58. Rf1 {Black
resigns} 1-0

[Event "Team 45 45 League T45"]
[Site "Internet Chess Club"]
[Date "2010.05.21"]
[Round "3"]
[White "carolinaknight"]
[Black "iwin2"]
[Result "1-0"]
[WhiteElo "1243"]
[BlackElo "1045"]
[Opening "Sicilian: Hungarian variation"]
[ECO "B27"]
[Time "19:00:18"]
[TimeControl "2700+45"]

1. e4 c5 2. Nf3 g6 3. Bc4 Bg7 4. Ng5 e6 5. d3 Ne7 6. Nd2 Nbc6 7. Nb3 b6 8. Qf3
O-O 9. Qh3 h6 10. Nf3 d5 11. Bb5 dxe4 12. dxe4 a6 13. Be2 Nd4 14. Bxh6 Nxc2+ 15.
Kf1 Nxa1 16. Nxa1 e5 17. Qh4 Qd6 18. Bxg7 Kxg7 19. Nc2 Rh8 20. Qg3 f6 21. Ne3
Be6 22. b3 b5 23. h4 b4 24. h5 g5 25. Nxg5 fxg5 26. Qxg5+ Kf8 27. h6 Bg8 28.
Qg7+ Ke8 29. Qxh8 Kf7 30. Bh5+ Kf8 31. Qg7# {Black checkmated} 1-0

[Event "Team 45 45 League T45"]
[Site "Internet Chess Club"]
[Date "2010.05.20"]
[Round "3"]
[White "ordinaryboy"]
[Black "ffplayer"]
[Result "0-1"]
[WhiteElo "930"]
[BlackElo "1032"]
[Opening "QGD: Marshall defense"]
[ECO "D06"]
[Time "20:00:16"]
[TimeControl "2700+45"]

1. d4 d5 2. c4 Nf6 3. cxd5 Nxd5 4. e4 Nf6 5. Nc3 Bg4 6. Nf3 e6 7. Bc4 Bb4 8. O-O
O-O 9. Re1 Nc6 10. a3 Ba5 11. h3 Bh5 12. Qd2 Bxf3 13. gxf3 Nxd4 14. Qd3 Bb6 15.
Kh2 e5 16. f4 exf4 17. Bxf4 Nc6 18. Qg3 Nh5 19. Qg4 Nxf4 20. Qxf4 Nd4 21. Rad1
Qe7 22. Rg1 Ne6 23. Qg4 g6 24. f4 Bxg1+ 25. Rxg1 Qd6 26. e5 Qd2+ 27. Rg2 Qxf4+
28. Qxf4 Nxf4 29. Rf2 Ne6 30. Nd5 c6 31. Nf6+ Kg7 32. Nd7 Rfd8 33. Nf6 Rd4 34.
Be2 Rad8 35. Rg2 Nf4 36. Rf2 Nxe2 37. Rxe2 Rd2 38. Rg2 Rxg2+ 39. Kxg2 Rd2+ 40.
Kf3 Rxb2 41. Ne8+ Kf8 42. Nd6 Rb3+ 43. Kf4 Rxa3 44. Nxb7 Rxh3 45. Nd8 c5 46. e6
fxe6 47. Nxe6+ Ke7 48. Nxc5 Kd6 49. Nb7+ Kc6 50. Nd8+ Kd7 51. Nf7 a5 52. Ne5+
Ke6 53. Nc4 a4 54. Na3 Rxa3 55. Ke4 Rc3 {White resigns} 0-1

[Event "Team 45 45 League T45"]
[Site "Internet Chess Club"]
[Date "2010.05.23"]
[Round "3"]
[White "vaknight"]
[Black "MaxII"]
[Result "1-0"]
[WhiteElo "1654"]
[BlackElo "1691"]
[Opening "Bird's opening"]
[ECO "A02"]
[Time "09:00:51"]
[TimeControl "2700+45"]

1. f4 Nf6 2. b3 e6 3. Bb2 Be7 4. Nf3 d5 5. e3 Nbd7 6. Be2 O-O 7. O-O b6 8. Na3
Bb7 9. c4 c5 10. Nc2 dxc4 11. Bxc4 Qc7 12. Qe2 Bd6 13. d4 Rac8 14. Rac1 Nd5 15.
Ne5 f6 16. Nxd7 Qxd7 17. Qg4 f5 18. Qe2 Qc7 19. dxc5 Bxc5 20. Nd4 Qe7 21. Rce1
Kh8 22. Qf2 Nc7 23. g4 Be4 24. g5 e5 25. fxe5 Qxg5+ 26. Qg3 Qe7 27. e6 Bd6 28.
Qh3 Qg5+ 29. Kf2 f4 30. Ke2 f3+ 31. Nxf3 Qa5 32. a4 b5 33. Bxg7+ Kxg7 34. Rg1+
Kh8 35. Ng5 Bg6 36. Nf7+ Bxf7 37. exf7 bxc4 38. Qg4 cxb3 39. Qg7# {Black
checkmated} 1-0

[Event "Team 45 45 League T45"]
[Site "Internet Chess Club"]
[Date "2010.05.20"]
[Round "3"]
[White "zepled37"]
[Black "mongmong"]
[Result "1-0"]
[WhiteElo "1736"]
[BlackElo "1517"]
[Opening "French: advance, Paulsen attack"]
[ECO "C02"]
[Time "19:04:05"]
[TimeControl "2700+45"]

1. e4 e6 2. d4 d5 3. e5 c5 4. c3 Nc6 5. Nf3 Qb6 6. Be2 cxd4 7. cxd4 Nh6 8. Nc3
Bb4 9. Bxh6 gxh6 10. Rc1 Bd7 11. Qd2 Bxc3 12. Rxc3 O-O-O 13. O-O Rdg8 14. Rb1
Kb8 15. b4 Qd8 16. b5 Na5 17. Ra3 b6 18. Rxa5 bxa5 19. b6 a6 20. Qxa5 Bc8 21.
Bxa6 Bxa6 22. Qxa6 Qd7 23. b7 {Black resigns} 1-0